[Event "Early-Titled-Tuesday-Blitz-February-06-2024"]
[Site "Chess.com"]
[Date "2024.02.06"]
[Round "5"]
[White "tptagain"]
[Black "Sokoloco"]
[Result "1-0"]
[WhiteElo "2938"]
[BlackElo "2792"]
[TimeControl "180+1"]
[EndTime "8:55:30 PST"]
[Termination "tptagain won by resignation"]

1. Nf3 d6 2. d4 g6 3. e4 Bg7 4.
Bd3 Nf6 5. O-O O-O 6. h3 e6 7. c4 c5 8. d5 exd5 9. exd5 b5 10. cxb5 Bb7 11. Nc3 Nbd7 12. Bc4 Nb6 13. Qb3 Nxc4 14.
Qxc4 a6 15. Rd1 axb5 16. Nxb5 Qb6 17. a4 Rfe8 18. Bg5 Re4 19. Qc2 Rb4 20. Bd2 Nxd5 21.
Bxb4 Nxb4 22. Qe2 d5 23. Qe7 Bxb2 24. Nd6 Bc6 25. Qxf7+ Kh8 26. Ng5 Qa7 27. Rab1 Bg7 28. Qe6 Qd7 29. Ndf7+ Kg8 30. Nh6+ Kf8 31. Qg8+ Ke7 32.
Qxg7+ Kd6 33. Qf6+ Kc7 34. Re1 Re8 35. Rxe8 Qxe8 36.
Ne6+ Kb6 37. Nf7 d4 38. Nd6 Qd7 39. Nc4+ Ka7 40. Nxc5 Qd5 41. Qe7+ Ka8 42. Nb6+ 1-0

[Event "Early-Titled-Tuesday-Blitz-February-06-2024"]
[Site "Chess.com"]
[Date "2024.02.06"]
[Round "5"]
[White "BogdanDeac"]
[Black "Thunderbolt135"]
[Result "1-0"]
[WhiteElo "3023"]
[BlackElo "2692"]
[TimeControl "180+1"]
[EndTime "8:55:30 PST"]
[Termination "BogdanDeac won by resignation"]

1. d4 Nf6 2. Nf3 e6 3. Bf4 b6 4. e3 Bb7 5. c4 Bb4+ 6. Nfd2 O-O 7. a3 Bxd2+ 8. Qxd2 Ne4 9. Qc2 f5 10. f3 Qh4+ 11.
g3 Qh5 12. Bg2 Ng5 13. Bxg5 Qxg5 14. f4 Bxg2 15. fxg5 Bxh1 16. Nc3 Bf3 17. d5 a5 18. Qa4 Bh5 19. Ne2 Na6 20. Qxd7 Nc5 21. Qc6 Rfc8 22. dxe6 Nd3+ 23. Kf1 Ne5 24. Qd5 Ng6 25. e7+ Kh8 26.
Nf4 Nxf4 27. exf4 Re8 28. Re1 Bg6 29. g4 fxg4 30. f5 Bh5 31. f6 gxf6 32. gxf6 c6 33. Qxh5 1-0

[Event "Early-Titled-Tuesday-Blitz-February-06-2024"]
[Site "Chess.com"]
[Date "2024.02.06"]
[Round "5"]
[White "JonasEilenberg"]
[Black "bylavochka"]
[Result "1-0"]
[WhiteElo "2532"]
[BlackElo "2293"]
[TimeControl "180+1"]
[EndTime "8:55:30 PST"]
[Termination "JonasEilenberg won by resignation"]

1. e4 c5 2. Nf3 d6 3. Bb5+ Bd7 4. c4 Nf6 5. Nc3 g6 6. Bxd7+ Qxd7 7. d4 cxd4 8. Qxd4 Bg7 9. Bg5 O-O 10. O-O Nc6 11.
Qd2 Rfc8 12. b3 Qd8 13. Rac1 Qa5 14. Rfe1 Rab8 15. h3 a6 16. Nd5 Qxd2 17. Nxd2 Re8 18. Nc7 Rec8 19. Nd5 Re8 20. Nxf6+ Bxf6 21. Bxf6 exf6 22.
Rcd1 Re6 23. f3 Rbe8 24. Kf2 Nb4 25. Nb1 Nxa2 26. Rd2 Nb4 27. Red1 b5 28. Rxd6 bxc4 29. bxc4 Rc8 30. Na3 Rc6 31. Rd8+ Kg7 32. Rb8 Rb6 33.
Rdd8 Rxb8 34. Rxb8 Nd3+ 35. Ke3 Rd6 36. Nc2 Ne5 37.
Rc8 Rd3+ 38. Ke2 Rc3 39. Ne3 a5 40. f4 Nd7 41. Nd5 a4 42. Nxc3 a3 43. Ra8 Nc5 44. Rxa3 1-0

[Event "Early-Titled-Tuesday-Blitz-February-06-2024"]
[Site "Chess.com"]
[Date "2024.02.06"]
[Round "5"]
[White "Ranindu2003"]
[Black "nikitadovbnya2008"]
[Result "1-0"]
[WhiteElo "2725"]
[BlackElo "2271"]
[TimeControl "180+1"]
[EndTime "8:55:31 PST"]
[Termination "Ranindu2003 won by checkmate"]

1. Nf3 Nf6 2. b3 g6 3. Bb2 Bg7 4. g3 O-O 5. Bg2 c6 6. c4 d5 7.
O-O Bf5 8. Nh4 Be4 9. Bh3 Bxb1 10.
Rxb1 Nbd7 11. Nf3 Re8 12. cxd5 cxd5 13. Ne5 Nxe5 14. Bxe5 Nd7 15. Bxg7 Kxg7 16. Bg2 e6 17. Qc2 Rc8 18. Qb2+ Qf6 19. Qa3 a6 20. Rbc1 Qd4 21.
Qd6 Nf6 22. d3 Qb2 23. Rxc8 Rxc8 24. Qb6 Qxe2 25. Qxb7 Rc2 26. Qxa6 Rd2 27. h3 Rxa2 28. Qb5 Rd2 29. Qc5 Rxd3 30. b4 Qb2 31. Rc1 Rb3 32.
Rc2 Qa1+ 33. Kh2 Qa4 34. Qe7 Qxb4 35. Qd8 Rb1 36. Rc8 g5 37. f4 Qe1 38. Qh8+ Kg6 39.
Rg8+ Nxg8 40. Qxg8+ Kf5 41. Qxg5# 1-0

[Event "Early-Titled-Tuesday-Blitz-February-06-2024"]
[Site "Chess.com"]
[Date "2024.02.06"]
[Round "5"]
[White "ama18"]
[Black "margarita_2703"]
[Result "1-0"]
[WhiteElo "2542"]
[BlackElo "2344"]
[TimeControl "180+1"]
[EndTime "8:55:31 PST"]
[Termination "ama18 won by checkmate"]

1. Nf3 d5 2. g3 Nf6 3. Bg2 e6 4.
b3 Be7 5. O-O O-O 6. Bb2 b6 7.
d4 Bb7 8. Ne5 c5 9. c4 Nbd7 10.
Nxd7 Qxd7 11. dxc5 bxc5 12. cxd5 Bxd5 13. Nc3 Bxg2 14.
Qxd7 Nxd7 15. Kxg2 Bf6 16. Na4 Bxb2 17. Nxb2 Nb6 18.
Rac1 Rfd8 19. Rc2 h6 20. Rfc1 Rac8 21. Nd3 Nd7 22. Nxc5 Nxc5 23. Rxc5 Rxc5 24. Rxc5 Rd2 25. Ra5 Rxe2 26. Rxa7 Rb2 27. Ra4 e5 28. Kf3 f5 29. b4 g5 30. h3 h5 31. Ra8+ Kf7 32.
Ra7+ Ke6 33. Ra6+ Kd5 34. Ra5+ Kd4 35. Kg2 e4 36. Rxf5 Rxb4 37. Rxg5 Rb2 38. Kg1 h4 39. gxh4 Rxa2 40. h5 Ra1+ 41. Kg2 Ra2 42. Kg3 Ra3+ 43. Kg4 e3 44. fxe3+ Ke4 45. Rf5 Ra1 46. Kg5 Rh1 47.
Rf4+ Ke5 48. h4 Rg1+ 49. Rg4 Ra1 50. h6 Ra7 51. Rf4 Rd7 52. Kg6 Rd6+ 53. Kg7 Rd7+ 54.
Rf7 Rd1 55. h7 Rg1+ 56. Kh6 Ke6 57. Rf4 Rg4 58. Rxg4 Kf7 59. h8=Q Ke6 60. Rg6+ Kf5 61. Qf6+ Ke4 62. Rg4+ Kd3 63. Qd4+ Ke2 64. Rg2+ Kf3 65. Rd2 Kg3 66. Qf4+ Kh3 67. Rh2# 1-0

[Event "Early-Titled-Tuesday-Blitz-February-06-2024"]
[Site "Chess.com"]
[Date "2024.02.06"]
[Round "5"]
[White "skkeyan1309"]
[Black "Actuary44"]
[Result "1-0"]
[WhiteElo "2716"]
[BlackElo "2485"]
[TimeControl "180+1"]
[EndTime "8:55:32 PST"]
[Termination "skkeyan1309 won by checkmate"]

1. Nf3 d6 2. e4 c5 3. Bb5+ Bd7 4. a4 Nc6 5. O-O e5 6. c3 Be7 7. d4 cxd4 8. cxd4 exd4 9. Nxd4 Nxd4 10. Qxd4 Nf6 11. Nc3 O-O 12. Bf4 Be6 13. Rfd1 Qa5 14. b4 Qd8 15. Bxd6 Rc8 16. e5 Bxd6 17. exd6 a6 18.
Be2 Nd7 19. Bf3 Rc4 20. Qe3 Rxb4 21. Rab1 Rxb1 22. Rxb1 b6 23. Nd5 Bxd5 24. Bxd5 Qf6 25. Rd1 g6 26. Qe7 Qf5 27. Be4 Qh5 28. Bf3 Qf5 29. h3 Ne5 30. Bg4 Nxg4 31. hxg4 Qxg4 32. Rc1 Qf4 33. Re1 Kg7 34. d7 Qb8 35. Rd1 Rd8 36. Rc1 b5 37. axb5 axb5 38. Rd1 b4 39. Rd3 Qc7 40.
Rf3 Kh6 41. Rxf7 b3 42. Rxh7# 1-0

[Event "Early-Titled-Tuesday-Blitz-February-06-2024"]
[Site "Chess.com"]
[Date "2024.02.06"]
[Round "5"]
[White "KbzasDavid16"]
[Black "DonMicheleCorleone"]
[Result "0-1"]
[WhiteElo "2550"]
[BlackElo "2427"]
[TimeControl "180+1"]
[EndTime "8:55:32 PST"]
[Termination "DonMicheleCorleone won on time"]

1. d4 d5 2. Nf3 Bf5 3. g3 e6 4. c4 c6 5. Nc3 Nf6 6. Nh4 Be4 7. f3 Bg6 8. Qb3 Qb6 9. c5 Qxb3 10. axb3 Nbd7 11.
Nxg6 hxg6 12. b4 e5 13. e3 b5 14. cxb6 Nxb6 15. b5 exd4 16. exd4 c5 17. Be3 c4 18. Kf2 Bd6 19. h4 Kd7 20. Bh3+ Kc7 21. Ra6 Nh5 22. f4 f5 23. Rha1 Kb7 24. Na4 Nf6 25. Nc5+ Kb8 26.
Ne6 Re8 27. Nxg7 Re7 28. Nxf5 Ne4+ 29. Kf3 gxf5 30. Bxf5 Nxg3 31. Bg6 Ne4 32. h5 Rb7 33. h6 Bf8 34. f5 Kc7 35. Bf4+ Nd6 36. Re1 Kd7 37.
h7 Bg7 38. Bg5 Ne4 39. Bh4 Bxd4 40. Rd1 Bxb2 41. Kf4 Bf6 0-1

[Event "Early-Titled-Tuesday-Blitz-February-06-2024"]
[Site "Chess.com"]
[Date "2024.02.06"]
[Round "5"]
[White "Triumphmate"]
[Black "APOKALIPSA13"]
[Result "0-1"]
[WhiteElo "2507"]
[BlackElo "2226"]
[TimeControl "180+1"]
[EndTime "8:55:32 PST"]
[Termination "APOKALIPSA13 won by resignation"]

1. e4 e5 2. Nf3 d5 3. exd5 e4 4. Nd4 Qxd5 5. Nb3 Qe5 6. Nc3 Nc6 7. Be2 Bf5 8. O-O O-O-O 9. d4 exd3 10. cxd3 Bd6 11. g3 Nf6 12. Bf4 Qe6 13. Bxd6 Rxd6 14. Qd2 Rhd8 15. Rad1 Bg4 16. Rfe1 Qf5 17. d4 Qh5 18.
Bxg4+ Nxg4 19. f3 Nf6 20. Qf4 Nd5 21. Nxd5 Qxd5 22. Re4 f5 23. Re3 h6 24. h4 b6 25.
Kg2 Rg8 26. h5 g5 27. hxg6 Rgxg6 28. Rd2 Rg4 29. Re8+ Kb7 30. Qe3 Rdg6 31. Qf2 f4 32. Re4 Rxg3+ 33. Kf1 Qc4+ 34. Ree2 Nb4 35. d5 Nd3 36. Rxd3 Qxd3 37. Nd2 Qxd5 38. Ke1 Rg1+ 39. Nf1 Qxa2 40. Re4 Qb1+ 41. Ke2 Qxb2+ 42. Ke1 Qb1+ 43. Ke2 R6g2 0-1

[Event "Early-Titled-Tuesday-Blitz-February-06-2024"]
[Site "Chess.com"]
[Date "2024.02.06"]
[Round "5"]
[White "BardArtem"]
[Black "Leebit02"]
[Result "1-0"]
[WhiteElo "2771"]
[BlackElo "2569"]
[TimeControl "180+1"]
[EndTime "8:55:33 PST"]
[Termination "BardArtem won by checkmate"]

1. e4 c5 2. c3 Nf6 3. e5 Nd5 4. Nf3 d6 5. Bc4 Nb6 6. Bb3 c4 7. Bc2 Nc6 8. exd6 Qxd6 9. O-O Bg4 10. h3 Bh5 11. b3 O-O-O 12. Na3 e5 13. Nxc4 Nxc4 14. bxc4 Bg6 15. Re1 f5 16. d4 e4 17.
Nh4 Be7 18. Nxg6 hxg6 19. Rb1 g5 20. f3 g4 21. fxg4 g6 22. Rf1 Qd7 23. Ba4 Qe6 24.
d5 Bc5+ 25. Kh1 Qf6 26. dxc6 Rxd1 27. cxb7+ Kc7 28. Rxd1 Bd6 29. c5 Be5 30. g5 Qe6 31. Bb3 Qa6 32. Rb2 Rb8 33. Rbd2 Kxb7 34. Rd7+ Kc6 35.
Bd5+ Kxc5 36. Be3+ Kb5 37. Rb1+ Ka4 38. Rxb8 Bxb8 39.
Bb3+ Ka3 40. Bc1# 1-0

[Event "Early-Titled-Tuesday-Blitz-February-06-2024"]
[Site "Chess.com"]
[Date "2024.02.06"]
[Round "5"]
[White "SmirnovTimofey2000"]
[Black "Karttunen"]
[Result "0-1"]
[WhiteElo "1980"]
[BlackElo "2668"]
[TimeControl "180+1"]
[EndTime "8:55:33 PST"]
[Termination "Karttunen won on time"]

1. e4 e5 2. Nf3 Nc6 3. Bc4 Bc5 4.
b4 Bxb4 5. c3 Be7 6. d4 Na5 7.
Nxe5 Nxc4 8. Nxc4 d5 9. Ncd2 Nf6 10. e5 Nd7 11. O-O O-O 12. f4 f5 13. Ba3 Nb6 14.
Qb3 Be6 15. Bxe7 Qxe7 16. Nf3 h6 17. Nbd2 c5 18. Rab1 c4 19. Qb4 Qd7 20. Nh4 Kh7 21.
Rf3 g5 22. Nxf5 Rxf5 23. fxg5 Rxg5 24. Rbf1 Rag8 25. g3 Nc8 26. Rf8 Rxf8 27. Qxf8 Rg8 28. Qb4 Qe7 29. Qb1+ Rg6 30. Nf3 Kg7 31. Nh4 Qxh4 32.
Qxb7+ Qe7 33. Qb1 h5 34. Qd1 h4 35. Qh5 hxg3 36. Rf6 Rxf6 37. exf6+ Qxf6 38. Qg4+ Bxg4 0-1

[Event "Early-Titled-Tuesday-Blitz-February-06-2024"]
[Site "Chess.com"]
[Date "2024.02.06"]
[Round "5"]
[White "NEPHILIM-SLAYER"]
[Black "secrethawk1"]
[Result "1-0"]
[WhiteElo "2746"]
[BlackElo "2502"]
[TimeControl "180+1"]
[EndTime "8:55:34 PST"]
[Termination "NEPHILIM-SLAYER won by checkmate"]

1. Nf3 Nf6 2. c4 c6 3. Nc3 d5 4. e3 e6 5. b3 Bd6 6. Bb2 O-O 7. Be2 Nbd7 8. d4 b6 9. O-O Bb7 10. Rc1 Re8 11. Re1 a5 12. Bf1 Rc8 13. g3 Ne4 14.
Nxe4 dxe4 15. Nd2 f5 16. Bg2 Nf6 17. c5 Bc7 18. cxb6 Bxb6 19. Nc4 Bc7 20. Ba3 Nd5 21. Qd2 Ba6 22. Bc5 a4 23. b4 Rb8 24. a3 Qf6 25.
Bd6 Bb5 26. Bxc7 Nxc7 27. Ne5 Nd5 28. Nd7 Qe7 29. Nxb8 Rxb8 30. Bf1 Qg5 31. Rc5 Bxf1 32. Rxf1 Qg4 33. Qd1 Qh3 34. Rxc6 Nf6 35. f3 exf3 36. Qxf3 Ng4 37. Rc2 g6 38. Rfc1 h6 39. Rc8+ Rxc8 40.
Rxc8+ Kf7 41. Rc7+ Kf6 42. Rc2 Kg5 43. e4 fxe4 44.
Qxe4 Kh5 45. Qxe6 g5 46. Qf7# 1-0

[Event "Early-Titled-Tuesday-Blitz-February-06-2024"]
[Site "Chess.com"]
[Date "2024.02.06"]
[Round "5"]
[White "SarochaChuemsakul"]
[Black "vladgoncharov"]
[Result "0-1"]
[WhiteElo "2452"]
[BlackElo "2635"]
[TimeControl "180+1"]
[EndTime "8:55:34 PST"]
[Termination "vladgoncharov won by resignation"]

1. d4 Nf6 2. c4 e6 3. Nf3 Bb4+ 4. Bd2 Qe7 5. g3 b6 6. Bg2 Bb7 7. O-O Bxd2 8. Nbxd2 O-O 9. Qc2 d6 10. e4 e5 11. d5 a5 12. Ne1 Nbd7 13. Nd3 Nc5 14.
b3 Nfd7 15. a3 Nxd3 16. Qxd3 g6 17. f4 exf4 18. gxf4 c6 19. Rae1 Nc5 20. Qd4 cxd5 21. exd5 Qc7 22. f5 Nd7 23. f6 Qc5 24. Qxc5 Nxc5 25. Bh3 Bc8 26. Bxc8 Raxc8 27. Re7 Rfe8 28. Rfe1 Kf8 29. R1e3 Nd7 30. Rxe8+ Rxe8 31. Rxe8+ Kxe8 32. Ne4 Kf8 33. Nxd6 Nxf6 34. Nc8 Ne4 35. Nxb6 Nd2 36. b4 axb4 37. axb4 Ke7 38. c5 Ne4 39. Kg2 f5 40. Kf3 g5 41. Ke3 h5 42. Nc4 h4 43. b5 Nxc5 44. b6 g4 45. Kf4 Nb7 46. Kxf5 g3 47. hxg3 h3 48. d6+ Nxd6+ 49. Nxd6 Kxd6 50. b7 Kc7 51. g4 h2 52. g5 h1=Q 0-1

[Event "Early-Titled-Tuesday-Blitz-February-06-2024"]
[Site "Chess.com"]
[Date "2024.02.06"]
[Round "5"]
[White "ReinisUz"]
[Black "IsaqueGoncalvesSanto"]
[Result "1/2-1/2"]
[WhiteElo "2341"]
[BlackElo "1858"]
[TimeControl "180+1"]
[EndTime "8:55:34 PST"]
[Termination "Game drawn by repetition"]

1. c4 e6 2. Nc3 d5 3. d4 c6 4. Nf3 dxc4 5. e4 b5 6. a4 Bb4 7. Bd2 Nf6 8. axb5 Bxc3 9. Bxc3 cxb5 10. Qc2 Bb7 11. Nd2 a5 12. b4 a4 13. f3 O-O 14.
Be2 Nbd7 15. O-O Qb6 16. Nb1 e5 17. Rd1 Rad8 18. Kh1 exd4 19. Bxd4 Qc7 20. Nc3 Bc6 21. Rd2 Ne5 22. Rad1 Ng6 23. Bxf6 Rxd2 24. Rxd2 gxf6 25. Nd5 Qe5 26. g3 f5 27. Qc3 fxe4 28. Qxe5 Nxe5 29.
fxe4 f5 30. Ne7+ Kf7 31. Nxc6 Nxc6 32. exf5 Nxb4 33. Rd7+ Kf6 34. Rb7 Re8 35. Rb6+ Kxf5 36. Rxb5+ Re5 37. Bg4+ Ke4 38. Rxb4 Kd3 39. Rxa4 c3 40.
Ra8 c2 41. Rd8+ Kc3 42. Rc8+ Kb2 43. Rb8+ Ka3 44. Rc8 Kb2 45. Rb8+ Ka3 46. Rc8 Kb2 1/2-1/2

[Event "Early-Titled-Tuesday-Blitz-February-06-2024"]
[Site "Chess.com"]
[Date "2024.02.06"]
[Round "5"]
[White "kecalk"]
[Black "the_blue_pill"]
[Result "1-0"]
[WhiteElo "2499"]
[BlackElo "2302"]
[TimeControl "180+1"]
[EndTime "8:55:35 PST"]
[Termination "kecalk won by resignation"]

1. e4 c5 2. Nf3 d6 3. d4 cxd4 4. Nxd4 Nf6 5. Nc3 g6 6. Be3 Bg7 7. f3 O-O 8. Qd2 Nc6 9. O-O-O d5 10. exd5 Nxd5 11. Nxc6 bxc6 12. Bd4 e5 13. Bc5 Re8 14. Bc4 Be6 15. Ne4 Qc7 16. g4 Red8 17. Qf2 Nf4 18. Bxe6 Nxe6 19. Kb1 Nxc5 20. Qxc5 Qb6 21. Qc4 Rd4 22.
Rxd4 exd4 23. b3 d3 24. Qxd3 Rd8 25. Qc4 Rd4 26. Qe2 h6 27. Rd1 f5 28. gxf5 gxf5 29. Ng3 Qd8 30. Rd3 Rxd3 31. Qxd3 Qf6 32. c3 Qe5 33. Nxf5 Qe1+ 34. Kb2 Qf2+ 35. Ka3 Qc5+ 36.
b4 Qxc3+ 37. Qxc3 Bxc3 38. Ne7+ Kf7 39. Nxc6 Ke6 40. Nxa7 1-0

[Event "Early-Titled-Tuesday-Blitz-February-06-2024"]
[Site "Chess.com"]
[Date "2024.02.06"]
[Round "5"]
[White "nindjaxx8"]
[Black "ExchangeAB"]
[Result "0-1"]
[WhiteElo "2561"]
[BlackElo "2432"]
[TimeControl "180+1"]
[EndTime "8:55:36 PST"]
[Termination "ExchangeAB won by resignation"]

1. d4 d5 2. c4 c6 3. Nc3 Nf6 4. cxd5 cxd5 5. Bf4 Nc6 6. e3 Bf5 7. Nf3 e6 8. Bd3 Bxd3 9. Qxd3 Bb4 10. O-O Bxc3 11.
Qxc3 O-O 12. Rac1 Qb6 13. Bd6 Rfc8 14. Bc5 Qa6 15. Qb3 b6 16. Bd6 Na5 17. Qa3 Qb7 18. Ne5 Nd7 19. Nxd7 Qxd7 20. b3 f6 21. Bb4 Nc6 22.
Bd2 Kf7 23. h3 Ne7 24. Qb2 Nf5 25. Qb1 h6 26. Qd3 Nd6 27. f3 Qb5 28. Qb1 Rxc1 29. Rxc1 Rc8 30. Rxc8 Nxc8 31. Qc2 Qd7 32. Bb4 a5 33.
Ba3 Na7 34. Bb2 Qc6 35. Qd3 b5 36. Kh2 b4 37. e4 Nb5 38. e5 f5 39. f4 Nc3 40. a3 Ne4 41. axb4 axb4 42. Qe2 g6 43. Qd1 Qa6 44. Bc1 Nc3 45. Qc2 Qf1 46. Be3 h5 47. h4 Qe1 48. Bf2 Qe4 49. Qd2 Ne2 50.
Qxb4 Qxf4+ 51. Kh1 Qxf2 52. Qb7+ Kg8 53. Qc8+ Kh7 54. Qd7+ Kh6 55. Qg7+ Kxg7 0-1

[Event "Early-Titled-Tuesday-Blitz-February-06-2024"]
[Site "Chess.com"]
[Date "2024.02.06"]
[Round "5"]
[White "kpio91"]
[Black "FGHSMN"]
[Result "0-1"]
[WhiteElo "2834"]
[BlackElo "2947"]
[TimeControl "180+1"]
[EndTime "8:55:37 PST"]
[Termination "FGHSMN won on time"]

1. e4 e5 2. Nc3 Nc6 3. Bc4 Nf6 4. d3 Bc5 5. h3 d6 6. Be3 O-O 7. Nge2 Nd4 8. Qd2 c6 9. Bb3 a5 10. a3 Nxb3 11. cxb3 Bxe3 12. fxe3 Be6 13. O-O Bxb3 14.
Rf3 Nd7 15. Raf1 g6 16. g4 Be6 17. Kh2 d5 18. Rg3 Nc5 19. exd5 Bxd5 20. e4 Bc4 21. Qh6 Bxd3 22. Rd1 Qf6 23. Rgxd3 Nxd3 24. Rxd3 Qf2+ 25.
Kh1 Rad8 26. Qd2 Qf1+ 27. Kh2 Qf2+ 28. Kh1 Qf3+ 29. Rxf3 Rxd2 30. b4 axb4 31. axb4 Ra8 32. Kg2 Ra3 33. Kf2 Rb3 34. Ke1 Rd6 35. b5 cxb5 36. Re3 b4 37. Nd5 Rxe3 38. Nxe3 Rd3 39. Nc4 Rxh3 40. Nxe5 Re3 0-1

[Event "Early-Titled-Tuesday-Blitz-February-06-2024"]
[Site "Chess.com"]
[Date "2024.02.06"]
[Round "5"]
[White "korkmaz16"]
[Black "PepeCuenca"]
[Result "0-1"]
[WhiteElo "2512"]
[BlackElo "2711"]
[TimeControl "180+1"]
[EndTime "8:55:37 PST"]
[Termination "PepeCuenca won on time"]

1. e4 c5 2. Nc3 Nc6 3. f4 g6 4. Nf3 Bg7 5. Bb5 Nd4 6. O-O a6 7.
Bd3 d6 8. Nxd4 cxd4 9. Ne2 Nf6 10.
Kh1 O-O 11. Nxd4 Nxe4 12. Bxe4 Bxd4 13. c3 Bg7 14. d4 d5 15. Bd3 e6 16. Be3 a5 17.
Qe1 b6 18. Bf2 Ba6 19. Bxa6 Rxa6 20. Bh4 Qd7 21. Bg5 h6 22. Bh4 b5 23. a3 Rb6 24. b4 Rc6 25. a4 axb4 26. cxb4 Bxd4 27. axb5 Rb6 28. Ra6 Qxb5 29. Rxb6 Qxb6 30. Be7 Re8 31. Bc5 Bxc5 32. bxc5 Qxc5 33. Qe5 Qf8 34. h3 Qg7 35. Qd6 Qf6 36. Rf3 h5 37. Kh2 Rd8 38. Qc7 d4 39.
Rd3 Kg7 40. Kg3 Rd5 41. Kf3 g5 42. g3 Qf5 0-1

[Event "Early-Titled-Tuesday-Blitz-February-06-2024"]
[Site "Chess.com"]
[Date "2024.02.06"]
[Round "5"]
[White "NovozhilovSemen"]
[Black "evgchess5"]
[Result "0-1"]
[WhiteElo "2681"]
[BlackElo "2979"]
[TimeControl "180+1"]
[EndTime "8:55:38 PST"]
[Termination "evgchess5 won by checkmate"]

1. d4 Nf6 2. Nf3 e6 3. e3 d5 4. Bd3 c5 5. b3 b6 6. O-O Bd6 7. Bb2 O-O 8. Nbd2 Bb7 9. Ne5 Nc6 10. f4 Nb4 11. Be2 cxd4 12. exd4 Ne4 13. a3 Nc6 14.
Nxe4 dxe4 15. b4 Ne7 16. c4 f6 17. Ng4 Nf5 18. Qb3 Kh8 19. Rad1 Bc7 20. Ne3 Nxe3 21. Qxe3 f5 22. Rd2 Qe7 23. Bd1 Rad8 24. Bb3 a6 25.
Rfd1 b5 26. d5 bxc4 27. Bxc4 exd5 28. Bxd5 Bxd5 29. Rxd5 Rxd5 30. Rxd5 h6 31. Qd4 Rf7 32. g3 Qe6 33. Kf1 Kh7 34. a4 Qc6 35. Rc5 Qxa4 36. Qc4 Qd1+ 37. Kg2 Qf3+ 38. Kh3 Qg4+ 39. Kg2 Rd7 40.
Rxc7 Rd2+ 41. Kg1 Rd1+ 42. Kf2 Qf3# 0-1

[Event "Early-Titled-Tuesday-Blitz-February-06-2024"]
[Site "Chess.com"]
[Date "2024.02.06"]
[Round "5"]
[White "Aradhya2000"]
[Black "Rud_Makarian"]
[Result "0-1"]
[WhiteElo "2693"]
[BlackElo "3029"]
[TimeControl "180+1"]
[EndTime "8:55:39 PST"]
[Termination "Rud_Makarian won by checkmate"]

1. d4 Nf6 2. c4 e6 3. Nf3 d5 4. Nc3 dxc4 5. e4 b5 6. e5 Nd5 7. Nxb5 Nb6 8. a4 a6 9. Nc3 a5 10. Be2 Bb7 11. O-O Nc6 12. Be3 Be7 13. Rc1 Nb4 14.
Nd2 Nd3 15. Rb1 O-O 16. Nxc4 Nxc4 17. Bxd3 Nxe3 18. fxe3 c5 19. Be4 cxd4 20. Bxb7 Rb8 21. exd4 Rxb7 22. Nb5 g6 23. Rc1 Rd7 24. Kh1 Kg7 25.
Qf3 Bg5 26. Rc4 f6 27. Qg3 fxe5 28. Qxe5+ Kh6 29. Re1 Rdf7 30. g3 Qa8+ 31. Re4 Rf1+ 32. Kg2 R8f2+ 33. Kh3 Qf8 34. Rc7 Rh1 35. Kg4 Qf5+ 36.
Qxf5 exf5+ 37. Kh3 Rfxh2# 0-1

[Event "Early-Titled-Tuesday-Blitz-February-06-2024"]
[Site "Chess.com"]
[Date "2024.02.06"]
[Round "5"]
[White "Janosik"]
[Black "FoxOnTheRun97"]
[Result "1-0"]
[WhiteElo "2867"]
[BlackElo "2647"]
[TimeControl "180+1"]
[EndTime "8:55:39 PST"]
[Termination "Janosik won on time"]

1. d4 Nf6 2. c4 e6 3. Nc3 Bb4 4.
Qc2 O-O 5. Nf3 c5 6. dxc5 Bxc5 7. Bf4 d5 8. e3 Nc6 9. Rd1 Qa5 10. Nd2 a6 11.
Nb3 Qb6 12. Be2 d4 13. exd4 Nxd4 14. Nxd4 Bxd4 15. O-O e5 16. Bg5 h6 17. Bh4 Qe6 18. Bf3 Rb8 19. Rfe1 Qf5 20. Ne4 Nxe4 21. Bxe4 Qh5 22.
Be7 Re8 23. Bd6 Bg4 24. Rxd4 exd4 25. Bxb8 Rxb8 26. Qd3 Qc5 27. a3 Be6 28. Rc1 a5 29. Qg3 Rd8 30. h4 b6 31. Bd3 a4 32. Re1 Qc6 33. Re5 Qc8 34. Qf4 Bxc4 35. Bf5 Be6 36. Bd3 Rf8 37. Qxd4 1-0

[Event "Early-Titled-Tuesday-Blitz-February-06-2024"]
[Site "Chess.com"]
[Date "2024.02.06"]
[Round "5"]
[White "OparinGrigoriy"]
[Black "maximnovik"]
[Result "1-0"]
[WhiteElo "2986"]
[BlackElo "2607"]
[TimeControl "180+1"]
[EndTime "8:55:39 PST"]
[Termination "OparinGrigoriy won on time"]

1. a3 e5 2. c4 Nf6 3. Nc3 Nc6 4. e3 Be7 5. b4 a6 6. Bb2 O-O 7. Nf3 d5 8. cxd5 Nxd5 9. Qc2 Nxc3 10. Bxc3 Bd6 11.
Bd3 h6 12. Bh7+ Kh8 13. Bf5 Qe7 14. O-O Be6 15. Qe4 Bxf5 16. Qxf5 e4 17. Nd4 Nxd4 18. Bxd4 Rae8 19. Rfc1 Qe6 20. Qxe6 Rxe6 21. a4 Ra8 22.
Kf1 Kg8 23. Ke2 Kf8 24. Rab1 Ke7 25. h3 Kd7 26. g4 g6 27. b5 axb5 28. axb5 Be5 29.
Rc4 f5 30. Rbc1 Rc8 31. gxf5 gxf5 32. Rg1 c6 33. Bxe5 Rxe5 34. Rg7+ Re7 35. Rd4+ Ke6 36. Rg6+ Ke5 37. Rxh6 cxb5 38. Rb6 Rc5 39. Rd8 f4 40. exf4+ Kxf4 41. Rh8 Ke5 42. Ke3 Rf7 43. Re8+ Kd5 44.
Rxe4 Rxf2 45. Rd4+ Ke5 46. Rd8 Rf1 47. d4+ Kf5 48.
dxc5 1-0

[Event "Early-Titled-Tuesday-Blitz-February-06-2024"]
[Site "Chess.com"]
[Date "2024.02.06"]
[Round "5"]
[White "picturesquecheck"]
[Black "Juwen"]
[Result "0-1"]
[WhiteElo "2391"]
[BlackElo "2564"]
[TimeControl "180+1"]
[EndTime "8:55:39 PST"]
[Termination "Juwen won by resignation"]

1. e4 c5 2. Nf3 e6 3. c3 Nf6 4.
e5 Nd5 5. d4 cxd4 6. cxd4 d6 7.
g3 Be7 8. Bg2 b5 9. O-O Bb7 10.
Re1 O-O 11. a3 Nd7 12. Qd3 a6 13. exd6 Bxd6 14. Nc3 h6 15. Ne4 Be7 16. Bd2 Rc8 17. Rac1 Rxc1 18. Rxc1 Qa8 19. Nc5 Nxc5 20. dxc5 Nf6 21.
Ba5 Rc8 22. b4 Be4 23. Qe2 Bd5 24. Ne1 Bxg2 25. Nxg2 Nd7 26. Nf4 Nb8 27. Rd1 Nc6 28.
Bb6 Bg5 29. Nh3 Bf6 30. Nf4 Nd4 31. Qe3 Nf3+ 32. Kg2 Nd2+ 33. Kg1 Nc4 34. Qe2 Nxa3 35. Rd7 Nc4 36. Nh5 Be5 37. f4 Bc3 38. f5 Qc6 39. Rxf7 Kxf7 40. fxe6+ Qxe6 41. Qf3+ Kg8 0-1

[Event "Early-Titled-Tuesday-Blitz-February-06-2024"]
[Site "Chess.com"]
[Date "2024.02.06"]
[Round "5"]
[White "hakanazeri2"]
[Black "vovachesss"]
[Result "1-0"]
[WhiteElo "2657"]
[BlackElo "2823"]
[TimeControl "180+1"]
[EndTime "8:55:40 PST"]
[Termination "hakanazeri2 won on time"]

1. Nf3 d5 2. d4 Nf6 3. c4 e6 4. g3 dxc4 5. Bg2 Bd7 6. Ne5 Bc6 7.
Nxc6 Nxc6 8. O-O Qd7 9. e3 Bd6 10. Nd2 Na5 11. Qc2 O-O 12. Nxc4 Nxc4 13. Qxc4 c6 14. e4 e5 15. f4 b5 16. Qb3 Bc7 17.
dxe5 Ng4 18. h3 Bb6+ 19. Kh1 Nf2+ 20. Kh2 Nd3 21. Rd1 Rfd8 22. Bf1 Qd4 23. Bg2 Qf2 24. Qc3 h5 25. Qd2 h4 26. Qxf2 Bxf2 27. gxh4 Nxc1 28.
Raxc1 Be3 29. Rxd8+ Rxd8 30. Rf1 Rd2 31. Kg3 Rxb2 32. Rd1 Rxa2 33. Rd8+ Kh7 34. Rd7 Ra3 35. Rxf7 b4 36. e6 Bc5+ 37. Kg4 b3 38. e7 Bxe7 39.
Rxe7 Ra6 40. e5 Rb6 41. Be4+ Kh6 42. Re6+ 1-0

[Event "Early-Titled-Tuesday-Blitz-February-06-2024"]
[Site "Chess.com"]
[Date "2024.02.06"]
[Round "5"]
[White "NikitaShnadrygin"]
[Black "chess_blitz00"]
[Result "0-1"]
[WhiteElo "2677"]
[BlackElo "2494"]
[TimeControl "180+1"]
[EndTime "8:55:40 PST"]
[Termination "chess_blitz00 won by checkmate"]

1. e4 d6 2. d4 Nf6 3. Nc3 e5 4. f3 Nc6 5. Bb5 Bd7 6. Bxc6 Bxc6 7. Nge2 Be7 8. O-O O-O 9. Be3 Nh5 10. Qd2 h6 11. f4 exf4 12. Nxf4 Nxf4 13. Bxf4 Bf6 14.
Rae1 Re8 15. Rf3 b5 16. d5 Bd7 17. Bxh6 b4 18. Nd1 gxh6 19. Qxh6 Be5 20. Ree3 Bg4 21.
Rg3 Bxg3 22. Rxg3 Rxe4 23. Ne3 Qe7 24. h3 f5 25. Nxf5 Re1+ 26. Kh2 Qe5 27. Qg6+ Kf8 28. hxg4 Re8 29. Qh7 Re7 30. Qh6+ Ke8 31. g5 Rf7 32. Nh4 Rff1 33. Qg6+ Kd7 34. Kh3 Rh1+ 35. Kg4 Re4+ 36. Kf3 Qf4# 0-1